 Dungeon Crawl Stone Soup version 0.30-a0-571-gdf30a72648 (webtiles) character file.

Game seed: 12273009158067376056

56826 wormed the Markstengu (level 14, -20/88 HPs)
             Began as a Tengu Hunter on Dec 30, 2022.
             Was the Champion of Okawaru.
             Shot with a bolt by a minotaur (39 damage)
             ... in a Gauntlet.
             The game lasted 00:47:47 (20251 turns).

wormed the Markstengu (Tengu Hunter)               Turns: 20251, Time: 00:47:48

Health: -20/88     AC: 10    Str: 13    XL:     14   Next: 83%
Magic:  15/15      EV: 27    Int: 10    God:    Okawaru [******]
Gold:   1263       SH:  0    Dex: 27    Spells: 13/13 levels left

rFire   . . .      SeeInvis .    c - +2 longbow (freeze)
rCold   . . .      Faith    +    (shield currently unavailable)
rNeg    . . .      Spirit   .    P - +0 troll leather armour
rPois   .          Reflect  .    L - +2 hat
rElec   +          Harm     .    V - scarf {repulsion}
rCorr   .          Rampage  .    o - +1 pair of gloves of Fouminuanu {rElec Stlth+}
Will    ++...      NoTele   +    (boots unavailable)
Stlth   ++++++                   U - amulet of faith
HPRegen 1.14/turn                C - ring of willpower
MPRegen 0.14/turn                q - +6 ring of dexterity

@: flying quickly and evasively, repel missiles, quick
A: beak, talons 3, nimble flight
a: Renounce Religion, Heroism, Finesse, Duel


You were in a Gauntlet.
You worshipped Okawaru.
Okawaru was exalted by your worship.
You visited 2 branches of the dungeon, and saw 18 of its levels.
You also visited: Gauntlet.

You collected 1329 gold pieces.
You spent 66 gold pieces at shops.

Inventory:

Hand Weapons
 c - a +2 longbow of freezing (weapon)
Missiles
 O - a throwing net
Armour
 o - the +1 pair of gloves of Fouminuanu (worn) {rElec Stlth+}
   (You acquired it on level 3 of the Lair of Beasts)

   rElec:     It insulates you from electricity.
   Stlth:     It makes you more stealthy.
 L - a +2 hat (worn)
 P - a +0 troll leather armour (worn)
 V - a scarf of repulsion (worn)
 X - the +7 buckler "Feuttas" {Dex+6}
   (Okawaru gifted it to you on level 3 of the Lair of Beasts)

   Dex:       It affects your dexterity (+6).
Jewellery
 q - a +6 ring of dexterity (right hand)
 C - a ring of willpower (left hand)
 U - an amulet of faith (around neck)
Wands
 A - a wand of digging (7)
 B - a wand of flame (25)
 H - a wand of roots (18)
 I - a wand of acid (11)
 Q - a wand of paralysis (5)
Scrolls
 a - 2 scrolls of fog
 b - 3 scrolls of immolation
 d - 6 scrolls of magic mapping
 f - 9 scrolls of teleportation
 g - a scroll of enchant armour
 n - 2 scrolls of butterflies {unknown}
 p - 6 scrolls of noise {unknown}
 t - 6 scrolls of poison
 w - a scroll of fear {unknown}
 x - 3 scrolls of blinking
 y - 3 scrolls of enchant weapon {unknown}
 M - 2 scrolls of amnesia {unknown}
 N - 2 scrolls of torment {unknown}
 R - a scroll of brand weapon {unknown}
 W - a scroll of silence {unknown}
 Z - 2 scrolls of identify
Potions
 h - 3 potions of resistance
 i - 4 potions of attraction
 j - 8 potions of might
 l - 7 potions of magic
 m - 6 potions of curing
 r - 4 potions of berserk rage
 v - 6 potions of cancellation
 z - 5 potions of brilliance
 D - 4 potions of haste
 E - 2 potions of mutation
 F - 5 potions of ambrosia
 J - a potion of flight
 T - a potion of invisibility
 Y - 2 potions of heal wounds


   Skills:
 + Level 10.8 Fighting
 * Level 16.7 Ranged Weapons
 + Level 11.7 Armour
 + Level 11.8 Dodging
 + Level 11.5 Stealth


You had 13 spell levels left.
You didn't know any spells.
Your spell library contained the following spells:

 Spells                   Type           Power      Damage    Failure   Level
 Apportation              Tloc           0%         N/A       41%         1
 Necrotise                Necr           0%         1d4       41%         1
 Scorch                   Fire           0%         2d5       56%         2
 Sublimation of Blood     Necr           0%         N/A       56%         2
 Wereblood                Tmut           0%         N/A       56%         2
 Ignite Poison            Fire/Tmut/Pois 0%         N/A       80%         3
 Inner Flame              Hex/Fire       0%         N/A       80%         3
 Kindle Blastsparks       Fire/Tloc/Air  0%         2d10      80%         3
 Ozocubu's Armour         Ice            0%         N/A       80%         3
 Portal Projectile        Hex/Tloc       0%         N/A       80%         3
 Flame Wave               Conj/Fire      0%         2d4       99%         4
 Leda's Liquefaction      Hex/Erth       0%         N/A       99%         4
 Sticky Flame             Conj/Fire      0%         2d3       99%         4
 Blade Hands              Tmut           0%         N/A       100%        5
 Freezing Cloud           Conj/Ice/Air   0%         6-21      100%        5
 Lee's Rapid Deconstruct  Erth           0%         3d4*      100%        5
 Statue Form              Tmut/Erth      0%         N/A       100%        6
 Ozocubu's Refrigeration  Ice            0%         4d7       100%        7
 Summon Small Mammal      Summ           Unusable   N/A       N/A         1
 Tukima's Dance           Hex            Unusable   N/A       N/A         3
 Summon Cactus Giant      Summ           Unusable   N/A       N/A         6
 Summon Hydra             Summ           Unusable   N/A       N/A         7

Dungeon Overview and Level Annotations

Branches:
Dungeon (13/15)            Temple (0/1) D:7            Lair (5/5) D:11
 Shoals (0/4) Lair:3       Spider (0/4) Lair:3        Slime (0/5) Lair:5
    Orc (0/2) D:11        Gauntlet (1/1)
 Vaults: D:13-14

Altars:
Cheibriados
Elyvilon
Hepliaklqana
Kikubaaqudgha
Makhleb
Nemelex Xobeh
Okawaru
Uskayaw
Vehumet
Wu Jian
Yredelemnul
Jiyva

Shops:
D:3 (   D:8 ?   D:10 ***   D:11 [   D:13 *

Annotations:
D:3 2 runed translucent doors, OTABOTABOTAB's ghost, amateur GnTm Gauntlet 6 transporters, 5 runed translucent doors


Innate Abilities, Weirdness & Mutations

You have a beak for a mouth.
You have claws for feet.
Your magical nature lets you fly swiftly and evasively.


Message History

You shoot an arrow. The arrow hits the minotaur.
The arrow freezes the minotaur.
The minotaur is moderately wounded.
The minotaur unwields a +0 arbalest of electrocution.
It stops crackling.
The minotaur wields a +1 vampiric glaive.
The minotaur hits you with a +1 vampiric glaive!!
The minotaur closely misses you.
The minotaur unwields a +1 vampiric glaive.
The minotaur wields a +0 arbalest of electrocution.
You hear the crackle of electricity.
The minotaur shoots a bolt.
The bolt misses you.
The minotaur shoots a bolt.
The bolt misses you.
Press: ? - help, v - describe, . - travel
Here: a minotaur, wielding a +0 arbalest of electrocution, wearing a +0 plate armour, wearing the ring of Xetevukh {AC+4 Slay+2 Stlth+} and quivering javelins (moderately wounded)
The floor, spattered with blood.
Fire: c) +2 longbow (freeze)
Press: ? - help, Q - select action, (/) - cycle Shift-Dir - straight line, f/p - minotaur
Aim: a minotaur, wielding a +0 arbalest of electrocution, wearing a +0 plate armour, wearing the ring of Xetevukh {AC+4 Slay+2 Stlth+} and quivering javelins (moderately wounded, 84% to hit)
You shoot an arrow. The arrow barely misses the minotaur.
Fire: c) +2 longbow (freeze)
Press: ? - help, Q - select action, (/) - cycle Shift-Dir - straight line, f/p - minotaur
Aim: a minotaur, wielding a +0 arbalest of electrocution, wearing a +0 plate armour, wearing the ring of Xetevukh {AC+4 Slay+2 Stlth+} and quivering javelins (moderately wounded, 84% to hit)
You shoot an arrow. The arrow barely misses the minotaur.
The minotaur shoots a bolt.
The bolt completely misses you.
Fire: c) +2 longbow (freeze)
Press: ? - help, Q - select action, (/) - cycle Shift-Dir - straight line, f/p - minotaur
Aim: a minotaur, wielding a +0 arbalest of electrocution, wearing a +0 plate armour, wearing the ring of Xetevukh {AC+4 Slay+2 Stlth+} and quivering javelins (moderately wounded, 84% to hit)
You shoot an arrow.
The arrow hits the minotaur but does no damage.
The minotaur is moderately wounded.
Fire: c) +2 longbow (freeze)
Press: ? - help, Q - select action, (/) - cycle Shift-Dir - straight line, f/p - minotaur
Aim: a minotaur, wielding a +0 arbalest of electrocution, wearing a +0 plate armour, wearing the ring of Xetevukh {AC+4 Slay+2 Stlth+} and quivering javelins (moderately wounded, 84% to hit)
You shoot an arrow. The arrow barely misses the minotaur.
The minotaur shoots a bolt.
The bolt misses you.
The minotaur shoots a bolt.
The bolt hits you!!!
* * * LOW HITPOINT WARNING * * *
The minotaur shoots a bolt.
The bolt hits you!!!
You die...

#### ###8.# #....# #.#..#
#.#..##'##. #.H........
#.#.##.#.## #.#.@..# #
###.#.#######.#.
#...............
#.8.8.8.©.©.8.8.
#...............
##################### ###
##≈###≈###.......###≈###≈##
#≈≈≈#≈≈≈#..∩.8.∩..#≈≈≈#≈≈≈#
##≈.....................≈##


You could see a minotaur.

Vanquished Creatures
  The ghost of experimilk the Thaumaturge, a journeyman DrCj of Vehumet (Lair:2)
  5 hydras
  A merfolk avatar (Lair:5)
  A ghost crab (Gauntlet)
  5 two-headed ogres
  2 boulder beetles
  20 death yaks
  2 harpies (Lair:5)
  A wizard (Gauntlet)
  A deep elf zephyrmancer (D:10)
  An oklob plant (Gauntlet)
  4 cyclopes
  3 manticores
  7 black mambas
  10 elephants
  An unseen horror (D:11)
  9 cane toads
  6 rime drakes
  A gargoyle (D:13)
  A kobold demonologist (D:10)
  5 komodo dragons
  2 trolls
  A meliai (Lair:3)
  5 polar bears
  4 hornets
  6 blink frogs
  A wind drake (Lair:5)
  A snapping turtle (Lair:5)
  7 dream sheep
  A shadow (D:6)
  Sigmund (D:6)
  29 yaks
  5 wyverns
  Eustachio (D:4)
  A wraith (D:11)
  3 basilisks
  A catoblepas simulacrum (Lair:2)
  Edmund (D:6)
  10 water moccasins
  4 acid dragons
  5 orc warriors
  3 black bears
  A black mamba simulacrum (Lair:2)
  An ogre (D:6)
  14 wolves
  14 centaurs
  4 kobold brigands
  Blork the orc (D:6)
  6 scorpions
  4 two-headed ogre simulacra (D:11)
  10 bullfrogs
  2 necrophages
  A cane toad simulacrum (Lair:2)
  11 killer bees
  5 howler monkeys
  8 electric eels
  2 lava snakes (D:10)
  Crazy Yiuf (D:3)
  4 hounds
  A jelly (D:6)
  7 orc priests
  2 water moccasin simulacra (Lair:2)
  2 gnoll boudas
  3 iguanas
  3 orc wizards
  A spriggan simulacrum (D:11)
  6 hell rats (Lair:5)
  A yak simulacrum (Lair:2)
  13 gnolls
  14 adders
  2 shadow imps (Gauntlet)
  2 white imps
  An ufetubus (D:5)
  4 worms
  2 dart slugs
  30 orcs
  9 ball pythons
  9 endoplasms
  2 giant cockroaches (D:1)
  31 goblins
  33 hobgoblins
  6 quokkas
  5 bats
  5 frilled lizards
  14 kobolds
  6 rats
482 creatures vanquished.

Vanquished Creatures (others)
  A swamp drake (D:11)
  A bush (Lair:4)
  68 fungi
  110 plants
180 creatures vanquished.

Grand Total: 662 creatures vanquished

Notes
Turn   | Place    | Note
-------+----------+-------------------------------------------
     0 | D:1      | wormed the Tengu Hunter began the quest for the Orb.
     0 | D:1      | Reached XP level 1. HP: 12/12 MP: 2/2
   150 | D:1      | Reached XP level 2. HP: 17/17 MP: 3/3
   617 | D:1      | Reached skill level 1 in Armour
   682 | D:1      | Reached XP level 3. HP: 21/21 MP: 4/4
  1231 | D:2      | Reached XP level 4. HP: 27/27 MP: 5/5
  1350 | D:2      | Reached skill level 5 in Ranged Weapons
  1503 | D:3      | Found a basalt altar of Yredelemnul.
  1602 | D:3      | Found a white marble altar of Elyvilon.
  1682 | D:3      | Found a large runed translucent door.
  1682 | D:3      | Found a large runed translucent door.
  1683 | D:3      | Noticed OTABOTABOTAB's ghost (amateur GnTm)
  1693 | D:3      | Found an ancient bone altar of Kikubaaqudgha.
  1730 | D:3      | Found Maaphie's Weapon Boutique.
  1834 | D:3      | Gained mutation: Your magical nature lets you fly swiftly
                  | and evasively. [Tengu growth]
  1834 | D:3      | Reached XP level 5. HP: 16/31 MP: 6/6
  2468 | D:3      | Found a runed translucent door.
  2469 | D:3      | Noticed Crazy Yiuf
  2690 | D:3      | Killed Crazy Yiuf
  3143 | D:4      | Reached XP level 6. HP: 36/36 MP: 7/7
  3149 | D:4      | Noticed Eustachio
  3155 | D:4      | Killed Eustachio
  3156 | D:4      | Reached skill level 6 in Ranged Weapons
  3184 | D:4      | Identified the +7 spear "Zubly" {flame, Will- Str+4 Int+3
                  | Dex+3}
  3227 | D:4      | Reached XP level 7. HP: 38/41 MP: 8/8
  3477 | D:4      | Found a snail-covered altar of Cheibriados.
  3567 | D:5      | Entered Level 5 of the Dungeon
  3656 | D:5      | Found a radiant altar of Vehumet.
  4141 | D:5      | Reached skill level 7 in Ranged Weapons
  4348 | D:6      | Found an iron altar of Okawaru.
  4350 | D:6      | Reached XP level 8. HP: 48/48 MP: 9/9
  4357 | D:6      | Became a worshipper of Warmaster Okawaru
  4391 | D:6      | Noticed a shadow
  4396 | D:6      | Killed a shadow
  4580 | D:6      | You are sucked into a shaft and drop 3 floors!
  4624 | D:9      | Reached skill level 5 in Dodging
  4728 | D:8      | Found Isegekh's Magic Scroll Shop.
  4736 | D:8      | Bought a scroll of identify for 22 gold pieces
  4736 | D:8      | Bought a scroll of identify for 22 gold pieces
  4736 | D:8      | Bought a scroll of identify for 22 gold pieces
  4744 | D:8      | Found a hazy altar of Hepliaklqana.
  4746 | D:8      | Noticed a wyvern
  4751 | D:8      | Killed a wyvern
  4752 | D:8      | Reached skill level 8 in Ranged Weapons
  4758 | D:8      | Noticed a two-headed ogre
  4895 | D:6      | Noticed Edmund
  4915 | D:6      | Killed Edmund
  4998 | D:6      | Noticed Sigmund
  5002 | D:6      | Killed Sigmund
  5002 | D:6      | Reached * piety under Okawaru
  5003 | D:6      | Reached XP level 9. HP: 53/53 MP: 10/10
  5076 | D:6      | Noticed Blork the orc
  5083 | D:6      | Killed Blork the orc
  5084 | D:6      | Reached skill level 5 in Fighting
  5084 | D:6      | Reached skill level 5 in Armour
  5109 | D:6      | Reached skill level 5 in Stealth
  5252 | D:6      | HP: 2/54 [electric eel/bolt of electricity (12)]
  5438 | D:6      | Reached ** piety under Okawaru
  5439 | D:6      | Reached skill level 9 in Ranged Weapons
  6140 | D:6      | Found a hide-covered altar of Uskayaw.
  6423 | D:7      | Found a staircase to the Ecumenical Temple.
  6556 | D:7      | Identified the +8 flail of the Grey Skies {distort, Will+
                  | Int+3}
  6919 | D:8      | Noticed a two-headed ogre
  6920 | D:8      | Reached *** piety under Okawaru
  6978 | D:8      | Found an ornate altar of the Wu Jian Council.
  7158 | D:8      | Killed a two-headed ogre
  7159 | D:8      | Reached skill level 10 in Ranged Weapons
  7159 | D:8      | Reached XP level 10. HP: 56/60 MP: 11/11
  7349 | D:8      | Killed a two-headed ogre
  7349 | D:8      | Reached **** piety under Okawaru
  8107 | D:9      | Found a sparkling altar of Nemelex Xobeh.
  8436 | D:9      | Noticed a two-headed ogre
  8474 | D:9      | Killed a two-headed ogre
  8773 | D:10     | Entered Level 10 of the Dungeon
  8859 | D:10     | Noticed a kobold demonologist
  8948 | D:10     | Killed a kobold demonologist
  8949 | D:10     | Reached skill level 11 in Ranged Weapons
  8981 | D:10     | Found Deum's Specific Store.
  8985 | D:10     | Found Bentemo's General Store.
  9021 | D:10     | Found a burning altar of Makhleb.
  9066 | D:10     | Found Hyhativinn's Elemental Accessories.
  9091 | D:10     | Reached ***** piety under Okawaru
  9130 | D:10     | Reached XP level 11. HP: 50/67 MP: 12/12
  9245 | D:10     | Noticed a deep elf zephyrmancer
  9718 | D:10     | Identified the +6 scale mail of Fortitude {Harm Str+2}
  9729 | D:10     | Killed a deep elf zephyrmancer
 10256 | D:11     | Noticed a boulder beetle
 10320 | D:11     | Identified the +2 buckler of the Locust {Dex+3} (Okawaru
                  | gifted it to you on level 11 of the Dungeon)
 10320 | D:11     | Received a gift from Okawaru
 10457 | D:11     | Noticed a two-headed ogre
 10471 | D:11     | Killed a two-headed ogre
 10552 | D:11     | Found a staircase to the Lair.
 10604 | D:11     | Found a frozen archway.
 10955 | D:11     | Reached skill level 12 in Ranged Weapons
 11032 | D:11     | Found a staircase to the Orcish Mines.
 11243 | D:11     | Found Wiax's Antique Armour Shop.
 11294 | D:11     | Killed a boulder beetle
 11534 | Lair:1   | Entered Level 1 of the Lair of Beasts
 12252 | Lair:2   | Found a runed translucent gate.
 12252 | Lair:2   | Found a runed translucent gate.
 12252 | Lair:2   | Found a runed translucent gate.
 12314 | Lair:2   | Noticed a four-headed hydra
 12566 | Lair:1   | Killed a four-headed hydra
 12600 | Lair:2   | Noticed a five-headed hydra
 12606 | Lair:2   | Killed a five-headed hydra
 12607 | Lair:2   | Reached XP level 12. HP: 61/73 MP: 13/13
 12661 | Lair:2   | Received a gift from Okawaru
 12847 | Lair:2   | Noticed a death yak
 12849 | Lair:2   | Noticed a death yak
 12861 | Lair:2   | Noticed a death yak
 12871 | Lair:2   | Killed a death yak
 12872 | Lair:2   | Reached skill level 13 in Ranged Weapons
 12904 | Lair:1   | Killed a death yak
 12926 | Lair:2   | Noticed a death yak
 12926 | Lair:2   | Noticed a death yak
 12928 | Lair:2   | Noticed a death yak
 12935 | Lair:1   | Killed a death yak
 13213 | Lair:2   | Killed a death yak
 13241 | Lair:2   | Noticed experimilk's ghost (journeyman DrCj)
 13371 | Lair:2   | Killed a death yak
 13375 | Lair:2   | Killed a death yak
 13714 | Lair:2   | Killed experimilk's ghost
 14657 | Lair:3   | Identified the +10 rapier "Ahes Qudgh" {freeze, rN+ Will+}
 14701 | Lair:3   | Found a hole to the Spider Nest.
 14836 | Lair:3   | Found a staircase to the Shoals.
 14900 | Lair:2   | Reached skill level 14 in Ranged Weapons
 15031 | Lair:3   | Identified the +7 buckler "Feuttas" {Dex+6} (Okawaru gifted
                  | it to you on level 3 of the Lair of Beasts)
 15031 | Lair:3   | Received a gift from Okawaru
 15139 | Lair:3   | Identified the +6 halberd of the Nurturing Gods {freeze,
                  | Fly Int+4}
 15389 | Lair:4   | Noticed a death yak
 15389 | Lair:4   | Noticed a death yak
 15389 | Lair:4   | Noticed a death yak
 15389 | Lair:4   | Noticed a death yak
 15389 | Lair:4   | Noticed a death yak
 15489 | Lair:4   | Noticed a seven-headed hydra
 15506 | Lair:4   | Killed a seven-headed hydra
 15523 | Lair:4   | Reached skill level 10 in Dodging
 15523 | Lair:4   | Reached XP level 13. HP: 71/80 MP: 14/14
 15693 | Lair:4   | Reached skill level 10 in Armour
 15758 | Lair:3   | Identified a scroll of acquirement
 15759 | Lair:3   | Acquired the +1 pair of gloves of Fouminuanu {rElec Stlth+}
 15938 | Lair:2   | Reached skill level 10 in Stealth
 16378 | Lair:4   | Reached ****** piety under Okawaru
 16527 | Lair:4   | Reached skill level 15 in Ranged Weapons
 16555 | Lair:4   | Received a gift from Okawaru
 17080 | Lair:5   | Entered Level 5 of the Lair of Beasts
 17301 | Lair:4   | Reached skill level 10 in Fighting
 17507 | Lair:5   | Reached XP level 14. HP: 88/88 MP: 15/15
 17607 | Lair:5   | Received a gift from Okawaru
 17843 | Lair:5   | Reached skill level 16 in Ranged Weapons
 17998 | Lair:5   | Found a viscous altar of Jiyva.
 17999 | Lair:5   | Found a staircase to the Slime Pits.
 19477 | D:13     | Found Tyankeog's General Store.
 19534 | D:13     | Found a gate leading to a gauntlet.
 19554 | Gauntlet | Entered a Gauntlet
 19554 | Gauntlet | Found a transporter.
 19554 | Gauntlet | Found a transporter.
 19572 | Gauntlet | Found a transporter.
 19575 | Gauntlet | Found a transporter.
 19581 | Gauntlet | Found a runed translucent gate.
 19581 | Gauntlet | Found a runed translucent gate.
 19581 | Gauntlet | Found a runed translucent gate.
 19583 | Gauntlet | Found a transporter.
 19587 | Gauntlet | Found a transporter.
 19589 | Gauntlet | Noticed a quicksilver ooze
 19591 | Gauntlet | Found a runed translucent door.
 19591 | Gauntlet | Found a runed translucent door.
 19595 | Gauntlet | Found a transporter.
 19614 | Gauntlet | Found a transporter.
 19631 | Gauntlet | Found a transporter.
 19635 | Gauntlet | Found a transporter.
 19643 | Gauntlet | Found a transporter.
 19647 | Gauntlet | Found a transporter.
 20094 | Gauntlet | Received a gift from Okawaru
 20196 | Gauntlet | Identified the +0 pair of boots of the Poles {rElec rF+
                  | Str+4}
 20222 | Gauntlet | Identified the ring of Xetevukh {AC+4 Slay+2 Stlth+}
 20251 | Gauntlet | Shot with a bolt by a minotaur

Illustrated notes

Levels and vault maps discovered:
D:1:      moated_graveyard_arrival, layout_loops_ring, serial_forest,
          infiniplex_forest_end_2, infiniplex_forest_clump_large,
          infiniplex_forest_clump_curved, infiniplex_forest_clump_small,
          infiniplex_forest_clump_C, infiniplex_forest_lined_corner,
          infiniplex_forest_corner_2, st_stairs_7
D:2:      minmay_skewed_foursquare, layout_basic, kennysheep_generic_room_16
D:3:      layout_basic, kennysheep_ying_yang, kiku_gazebo_pond_becter,
          ebering_ghost_disaster_area, serial_shops,
          nicolae_shop_bloodbath_and_beyond, uniq_crazy_yiuf_cottage
D:4:      layout_loops_cross, slow_altar_2, minmay_checkerbox, uniq_eustachio
D:5:      nicolae_BIG_FREAKIN_CUBE, layout_basic, vehumet_altar_wand_db
D:6:      minmay_goblin_kobold_castle, layout_loops_ring,
          okawaru_ov_weapons_minmay, nicolae_uskayaw_dance_studio,
          sigmund_edmund_badplayer, uniq_blork_the_orc
D:7:      layout_loops_ring, temple_fountains
D:8:      layout_basic, nicolae_wu_jian_wuxing_cycle,
          mainiacjoe_overflow_surrounded_room, serial_shops, shop
D:9:      layout_gridville, nemelex_xobeh_ov_fountains_minmay, enter_bailey_3
D:10:     layout_irregular_city, nicolae_overflow_hidden_temple,
          nicolae_specific_store, nicolae_elemental_shop,
          palyth_stone_intersect, columned_hall_lemuel,
          chequers_serial_rivers_micro_a, kennysheep_island_fort
D:11:     layout_loops_ring, lair_entry_dummy, erik_orc_1,
          portal_ice_cave_entry_ice_simulacra, serial_shops, shop
D:12:     layout_big_octagon, minmay_misc_feat_more_columns
D:13:     layout_rooms, gauntlet_entry_generic, chequers_serial_rivers_micro_c,
          kennysheep_decorative_pillar, kennysheep_windowed_goal
Lair:1:   layout_regular_city, dpeg_stationary_puzzle
Lair:2:   layout_gridlike, gammafunk_ghost_icy
Lair:3:   layout_hall_layers, minmay_shoals_entry_centaurs,
          hellmonk_spider_entry_not_the_bees
Lair:4:   minmay_lair_venomous_thicket, layout_misc_corridors,
          chequers_serial_rivers_small_b, beast_lair_carwin_2
Lair:5:   gammafunk_lair_ancient_temple, layout_layer_cave, slime_entry_1
Gauntlet: minmay_gauntlet_77_indecision [minmay_gauntlet_arena_77_braids,
          minmay_gauntlet_arena_77_tiled_triplets,
          minmay_gauntlet_arena_77_two_lines,
          minmay_gauntlet_arena_77_run_for_it,
          minmay_gauntlet_arena_77_chump_sandwich,
          minmay_gauntlet_arena_77_shame_cube,
          nicolae_gauntlet_exit_dead_adventurers]

Skill      XL: |  1  2  3  4  5  6  7  8  9 10 11 12 13 14 |
---------------+-------------------------------------------+-----
Armour         | 1 2 3 4 6 7 8 9 10 11 | 11.7
Ranged Weapons | 5 6 7 8 10 11 12 14 15 16 | 16.7
Stealth        | 2 3 4 6 7 8 9 10 11 | 11.5
Dodging        | 3 4 5 6 7 8 10 11 | 11.8
Fighting       | 3 4 6 7 8 9 10 | 10.8

Action                   |  1- 3 |  4- 6 |  7- 9 | 10-12 | 13-15 || total
-------------------------+-------+-------+-------+-------+-------++-------
Melee: Arbalest          |       |       |       |     3 |       ||     3
       Peck              |       |       |       |     1 |       ||     1
 Fire: Shortbow          |    65 |       |       |       |       ||    65
       Arbalest          |    29 |    73 |   298 |   526 |   687 ||  1613
       Longbow           |       |       |       |       |    25 ||    25
  Use: Scroll            |       |     5 |     7 |     5 |     9 ||    26
       Potion            |       |       |     2 |     6 |       ||     8
Armor: Leather armour    |    16 |    11 |    16 |    41 |       ||    84
       Troll leather arm |       |       |       |    56 |    79 ||   135
       Skin              |       |       |       |    24 |       ||    24
Dodge: Dodged            |    45 |    17 |   167 |   666 |   679 ||  1574
       Repelled          |       |       |       |       |     5 ||     5

Table legend: (Time is in decaauts)
 A = Elapsed time spent in this place.
 B = Non-inter-level travel time spent in this place.
 C = Inter-level travel time spent in this place.
 D = Time resting spent in this place.
 E = Time spent auto-exploring this place.
 F = Levels seen in this place.
 G = Mean time per level.
                   A        B        C        D        E       F      G
               +--------+--------+--------+--------+--------+-----+--------+
         Total |  19365 |  17768 |   1597 |    337 |  11966 |  19 | 1019.2 |
       Dungeon |  11607 |  10951 |    656 |    174 |   8373 |  13 |  892.8 |
          Lair |   7121 |   6180 |    941 |    145 |   3475 |   5 | 1424.2 |
      Gauntlet |    636 |    636 |      0 |     18 |    117 |   1 |  636.0 |
               +--------+--------+--------+--------+--------+-----+--------+

Top non-repeatable levels by time:
  Lair:2: 1832 daAuts
     D:6: 1568 daAuts
  Lair:5: 1540 daAuts
  Lair:3: 1441 daAuts
    D:10: 1426 daAuts
     D:3: 1363 daAuts
  Lair:4: 1253 daAuts
    D:11: 1137 daAuts
  Lair:1: 1054 daAuts
     D:9: 1041 daAuts
     D:8: 1028 daAuts
     D:1: 861 daAuts
     D:5: 742 daAuts
     D:7: 727 daAuts
     D:2: 648 daAuts
